[Event "*** Titled Tuesday Blitz"]
[Site "Chess.com"]
[Date "2019.01.01"]
[Round "1"]
[White "JozefKneht"]
[Black "Karina_Oparina"]
[Result "1/2-1/2"]
[WhiteElo "2494"]
[BlackElo "2063"]
[TimeControl "180+2"]
[EndTime "13:07:23 PST"]
[Termination "Game drawn by repetition"]

1. e4 c6 2. d4 d5 3. Nc3 dxe4 4. Nxe4 Nf6 5. Nxf6+ exf6 6. Bc4 Bd6 7. Qe2+ Qe7 8.
Qxe7+ Kxe7 9. Ne2 Bf5 10. c3 b5 11. Bb3 Nd7 12. Bf4 Bxf4 13. Nxf4 Rhc8 14. O-O-O Nb6 15. Rhe1+ Kf8 16. Bc2 Bxc2 17. Kxc2 a5 18. Nd3 a4 19.
Nc5 Ra7 20. Re2 Re7 21. Rde1 Rxe2+ 22. Rxe2 f5 23. Kd3 g5 24. Re5 f6 25. Rxf5 Ke7 26. Rf3 Nd5 27. g3 h5 28. Kd2 Rh8 29. b3 axb3 30.
axb3 Ra8 31. c4 Ra2+ 32. Ke1 bxc4 33. bxc4 Nb4 34. Re3+ Kf7 35. Kf1 Nc2 36. Rd3 Nb4 37. Rb3 Ra1+ 38. Kg2 Nc2 39. d5 g4 40. f4 Ra2 41. Rb7+ Kg6 42. d6 Ne3+ 43. Kg1 Rg2+ 44.
Kh1 Rd2 45. Kg1 Rg2+ 46. Kh1 Rd2 47. Kg1 Rg2+ 48. Kh1 Rd2 49. Kg1 Rg2+ 50. Kh1 Rd2 51. Kg1 Rg2+ 1/2-1/2

[Event "*** Titled Tuesday Blitz"]
[Site "Chess.com"]
[Date "2019.01.01"]
[Round "1"]
[White "jk13"]
[Black "JoakimVonAnd"]
[Result "1-0"]
[WhiteElo "2703"]
[BlackElo "2349"]
[TimeControl "180+2"]
[EndTime "13:07:24 PST"]
[Termination "jk13 won by resignation"]

1. e4 c6 2. d3 d5 3. Qe2 Nf6 4.
Nf3 e6 5. g3 Nbd7 6. Bg2 Be7 7.
O-O O-O 8. e5 Ne8 9. c4 f6 10.
exf6 Ndxf6 11. Ne5 Nd6 12. Nc3 Nf5 13. Bf4 Bd6 14. Rfe1 Nd4 15. Qd1 Qc7 16. Rc1 g5 17. Bxg5 Bxe5 18. cxd5 exd5 19. Nxd5 Nxd5 20. Bxd5+ Kh8 21.
Qh5 Qg7 22. Bh6 cxd5 23. Bxg7+ Bxg7 24. f4 Bf5 25. Rc7 Bg6 26. Qg4 Rad8 27. Ree7 Bf6 28.
Re1 Bf5 29. Qh5 Bg6 30. Qd1 Rde8 31. Rxe8 Rxe8 32. Kf2 Re2+ 33. Qxe2 Nxe2 34. Kxe2 Bxb2 35. Rxb7 Bh5+ 36. Ke3 d4+ 37. Ke4 Bc3 38. Rxa7 Kg8 39. Rc7 Bf7 40. a4 Kg7 41. Ke5 Kf8 42. Kf6 Be8 43. Rc8 Bb4 44. Ke6 Ba5 45. f5 Bb4 46. f6 1-0

[Event "*** Titled Tuesday Blitz"]
[Site "Chess.com"]
[Date "2019.01.01"]
[Round "1"]
[White "GremioPrudente"]
[Black "IakovUlivar"]
[Result "0-1"]
[WhiteElo "2019"]
[BlackElo "2502"]
[TimeControl "180+2"]
[EndTime "13:07:24 PST"]
[Termination "IakovUlivar won on time"]

1. Nf3 Nf6 2. d4 e6 3. c4 d5 4. Bg5 Be7 5. e3 h6 6. Bh4 O-O 7. Nc3 Nbd7 8. Rc1 c5 9. cxd5 Nxd5 10. Bxe7 Nxe7 11. Be2 b6 12. O-O Bb7 13. Qa4 Nd5 14.
Rfd1 Qe7 15. Ba6 Nxc3 16. bxc3 Bxf3 17. gxf3 Nf6 18. Bf1 Rfd8 19. Bg2 Rac8 20. Rd2 Nd5 21. Rdc2 Rc7 22. f4 Rdc8 23. Bxd5 exd5 24. Qa3 Qe4 25. Qa4 Rc6 26. Kf1 Qd3+ 27. Ke1 Rg6 0-1

[Event "*** Titled Tuesday Blitz"]
[Site "Chess.com"]
[Date "2019.01.01"]
[Round "1"]
[White "volcanoexplorer"]
[Black "jerom555888"]
[Result "0-1"]
[WhiteElo "2353"]
[BlackElo "2703"]
[TimeControl "180+2"]
[EndTime "13:07:28 PST"]
[Termination "jerom555888 won by checkmate"]

1. e4 a6 2. d4 e6 3. Nf3 d5 4.
Nc3 Bb4 5. e5 c5 6. a3 Ba5 7. Be3 cxd4 8. Nxd4 Ne7 9. f4 Bxc3+ 10. bxc3 Qc7 11. Qd2 Nd7 12. Bd3 Nc5 13. O-O Bd7 14.
f5 Nxd3 15. cxd3 Nxf5 16. Nxf5 exf5 17. Rab1 Rc8 18. Bd4 O-O 19. Qg5 Be6 20. Rf3 h6 21.
Qh5 Kh7 22. Rbf1 Qa5 23. Rh3 Rxc3 24. Bxc3 Qxc3 25. Qe2 Rc8 26. Rg3 Qd4+ 27. Kh1 Rc3 28. Qb2 b5 29. Rgf3 Rxd3 30. Qxd4 Rxd4 31. Rb1 Re4 32. h3 Rxe5 33. a4 Bd7 34. axb5 Bxb5 35. Rf4 Bc4 36. Ra1 g5 37. Rd4 Re4 38. Kg1 Rxd4 39.
Kf2 Rd2+ 40. Kf3 d4 41. Ra5 Bb5 42. Kg3 Kg6 43. h4 f4+ 44. Kh3 f5 45. hxg5 hxg5 46. g4 Bf1# 0-1

[Event "*** Titled Tuesday Blitz"]
[Site "Chess.com"]
[Date "2019.01.01"]
[Round "1"]
[White "ori99"]
[Black "vovachesss"]
[Result "0-1"]
[WhiteElo "2008"]
[BlackElo "2502"]
[TimeControl "180+2"]
[EndTime "13:07:30 PST"]
[Termination "vovachesss won by checkmate"]

1. e4 e5 2. Nf3 d5 3. exd5 e4 4. Nc3 exf3 5. Qxf3 Nf6 6. h3 Bd6 7. Bc4 O-O 8. O-O Nbd7 9. d4 Re8 10. Bg5 h6 11.
Bh4 Nf8 12. Rfe1 Rxe1+ 13. Rxe1 Ng6 14. Bxf6 gxf6 15. Ne4 Kg7 16. Bd3 Bd7 17. c4 f5 18.
Nc3 Bb4 19. Bxf5 Bxf5 20. Qxf5 Bxc3 21. bxc3 Qf6 22. Qd7 Qd6 23. Qg4 Rg8 24. Kf1 Kh7 25. Qf3 Rg7 26. Qf5 Qf4 27. Qd7 f5 28. Qa4 Nh4 29.
g3 Qf3 30. Qc2 Qh1+ 31. Ke2 Re7+ 32. Kd3 Rxe1 33. gxh4 Qe4+ 34. Kd2 Re2+ 35. Kd1 Qxc2# 0-1

[Event "*** Titled Tuesday Blitz"]
[Site "Chess.com"]
[Date "2019.01.01"]
[Round "1"]
[White "ChessChronicles123"]
[Black "Jbd735"]
[Result "0-1"]
[WhiteElo "1820"]
[BlackElo "2488"]
[TimeControl "180+2"]
[EndTime "13:07:30 PST"]
[Termination "Jbd735 won by resignation"]

1. Nf3 d5 2. g3 Nf6 3. Bg2 c6 4. c4 dxc4 5. O-O e6 6. Ne5 Qd4 7. Nf3 Qc5 8. Qc2 b5 9. a4 Bb7 10. b3 cxb3 11. Qxb3 Nbd7 12. d4 Qb4 13. Qc2 Rc8 14. Nc3 Nd5 15. Bd2 Qc4 16. axb5 cxb5 17. Rxa7 Nxc3 18. Bxc3 Bxf3 19. Bxf3 Qxc3 20. Qe4 Bd6 21.
Qb7 Qc7 22. Qa6 Qb8 23. Bc6 Rxc6 24. Qxc6 Qxa7 25. Qc8+ Ke7 26. Qxh8 Qxd4 27. Qxg7 0-1

[Event "*** Titled Tuesday Blitz"]
[Site "Chess.com"]
[Date "2019.01.01"]
[Round "1"]
[White "vugarrasulov"]
[Black "DrRiebert"]
[Result "1-0"]
[WhiteElo "2797"]
[BlackElo "2414"]
[TimeControl "180+2"]
[EndTime "13:07:33 PST"]
[Termination "vugarrasulov won by resignation"]

1. e4 c5 2. Nf3 Nc6 3. d4 cxd4 4. Nxd4 g6 5. c4 Nf6 6. Nc3 d6 7. Be2 Nxd4 8. Qxd4 Bg7 9. Be3 O-O 10. Qd2 a5 11. O-O a4 12. f3 Qa5 13. Rfc1 Be6 14. Rab1 Rac8 15. b3 axb3 16. axb3 Qb4 17. Bf1 Ra8 18.
Nd5 Nxd5 19. cxd5 Qxd2 20. Bxd2 Bd4+ 21. Kh1 Bd7 22. Rc7 Rfd8 23. Rxb7 Ra2 24. Be1 Kf8 25. b4 Ke8 26. Bb5 Bxb5 27. Rxb5 Rc8 28. Ra5 Re2 29. Bg3 h5 30. Rd1 Rcc2 31. b5 Bc5 32. Ra6 Rxg2 33.
b6 Kd7 34. Ra7+ Kc8 35. Rc7+ Kb8 36. Rxc5 1-0

[Event "*** Titled Tuesday Blitz"]
[Site "Chess.com"]
[Date "2019.01.01"]
[Round "1"]
[White "Rainmond"]
[Black "LucaBrasi1968"]
[Result "1-0"]
[WhiteElo "2792"]
[BlackElo "2412"]
[TimeControl "180+2"]
[EndTime "13:07:33 PST"]
[Termination "Rainmond won by resignation"]

1. d4 f5 2. g3 Nf6 3. Bg2 e6 4. c4 d5 5. Nh3 c6 6. O-O Be7 7. b3 O-O 8. Nc3 Bd7 9. Nf4 Ne4 10. Qc2 Bf6 11. Be3 Qe7 12. Rad1 Be8 13. Nxe4 fxe4 14.
f3 exf3 15. exf3 Nd7 16. Bh3 Bf7 17. Rde1 dxc4 18. bxc4 Rae8 19. Bf2 Qd6 20. c5 Qc7 21. Nxe6 Bxe6 22. Rxe6 Kh8 23. Rfe1 Rxe6 24. Bxe6 b6 25. f4 bxc5 26. dxc5 Rd8 27. Bb3 Nf8 28. Rd1 Ng6 29. Qe2 Ne7 30. Rxd8+ Qxd8 31. Kg2 Nf5 32. Qe6 Nd4 33.
Bxd4 Bxd4 34. Qxc6 Bf6 35. Qe6 Bd4 36. c6 Bb6 37. h4 h5 38. Qg6 Qd2+ 39. Kh3 Qe2 40.
Bd5 Qf1+ 41. Bg2 Qe2 42. a4 Kg8 43. Qf5 Qe8 44. Bd5+ Kh8 45. Bf7 1-0

[Event "*** Titled Tuesday Blitz"]
[Site "Chess.com"]
[Date "2019.01.01"]
[Round "1"]
[White "Shahinyan_ChessMood"]
[Black "Bad4life"]
[Result "1-0"]
[WhiteElo "2687"]
[BlackElo "2337"]
[TimeControl "180+2"]
[EndTime "13:07:33 PST"]
[Termination "Shahinyan_ChessMood won on time"]

1. c4 e5 2. Nc3 g6 3. g3 Bg7 4. Bg2 Nc6 5. e4 d6 6. Nge2 f5 7. d3 Nge7 8. O-O O-O 9. Nd5 h6 10. Be3 g5 11. f4 gxf4 12. gxf4 exf4 13. Nexf4 Bxb2 14. Qh5 Bg7 15. Kh1 Ne5 16. Rg1 Ng4 17.
Bf3 Nxd5 18. Nxd5 c6 19. exf5 cxd5 20. Rxg4 Rxf5 21. Rxg7+ Kxg7 22. Rg1+ Kf6 23. Bd4+ Ke6 24. Bxd5+ Rxd5 25. cxd5+ Kd7 26. Rg7+ 1-0

[Event "*** Titled Tuesday Blitz"]
[Site "Chess.com"]
[Date "2019.01.01"]
[Round "1"]
[White "ElHelvetico"]
[Black "Martins-BR"]
[Result "1-0"]
[WhiteElo "2568"]
[BlackElo "2214"]
[TimeControl "180+2"]
[EndTime "13:07:33 PST"]
[Termination "ElHelvetico won by resignation"]

1. e4 c5 2. Nf3 e6 3. d4 cxd4 4. Nxd4 Nc6 5. Nc3 Qc7 6. Be3 a6 7. Qf3 d6 8. Qg3 Bd7 9. O-O-O Nf6 10. f4 Rc8 11. Kb1 Nxe4 12. Nxe4 Nxd4 13. Bd3 Nf5 14.
Qf2 Nxe3 15. Qxe3 d5 16. Ng5 h6 17. Nf3 Bc5 18. Qe2 O-O 19. Ne5 Be8 20. g4 Bd6 21.
Rhe1 Bb5 22. Bxb5 axb5 23. Rd3 b4 24. h4 Bxe5 25. fxe5 g6 26. Qd2 Kh7 27. Rd4 Qc5 28. Rxb4 Rc7 29. a3 Rfc8 30. Re2 Qg1+ 31. Ka2 Rxc2 32.
Qxc2 Rxc2 33. Rxc2 Qe1 34. Rxb7 Qxe5 35. Rxf7+ Kg8 36.
Rb7 1-0

[Event "*** Titled Tuesday Blitz"]
[Site "Chess.com"]
[Date "2019.01.01"]
[Round "1"]
[White "riconaipe"]
[Black "michaelq2d5"]
[Result "0-1"]
[WhiteElo "2398"]
[BlackElo "2757"]
[TimeControl "180+2"]
[EndTime "13:07:34 PST"]
[Termination "michaelq2d5 won by resignation"]

1. d4 d5 2. c4 dxc4 3. Nf3 Nf6 4. e3 e6 5. Bxc4 a6 6. O-O c5 7. a3 b5 8. Ba2 Bb7 9. dxc5 Bxc5 10. b4 Bd6 11.
Bb2 O-O 12. Nbd2 Nbd7 13. Qe2 Rc8 14. Rac1 Qe7 15. Nb3 Bd5 16. Ba1 Bc4 17. Rxc4 Rxc4 18. Nc5 Bxc5 19. Bxc4 bxc4 20. bxc5 Qxc5 21. Rc1 Rc8 22.
Qb2 Rb8 23. Qc3 Rb3 24. Qd2 Qxa3 25. h4 Rd3 26. Qc2 Nb6 27. Ne5 Rd8 28. Nxc4 Nxc4 29.
Qxc4 h6 30. Be5 a5 31. Ra1 Qb4 32. Qa2 Rd5 33. Rb1 Qxh4 34. Rb8+ Kh7 35. Qc2+ Qe4 36.
Qxe4+ Nxe4 37. Bd4 e5 38. Bb2 Rd1+ 39. Kh2 Nxf2 40.
Bc3 a4 41. Ra8 Rh1+ 42. Kg3 Ne4+ 43. Kf3 Nxc3 0-1

[Event "*** Titled Tuesday Blitz"]
[Site "Chess.com"]
[Date "2019.01.01"]
[Round "1"]
[White "Feegus"]
[Black "severomorskij"]
[Result "0-1"]
[WhiteElo "2405"]
[BlackElo "2764"]
[TimeControl "180+2"]
[EndTime "13:07:36 PST"]
[Termination "severomorskij won on time"]

1. Nf3 Nf6 2. g3 d5 3. Bg2 c5 4. O-O e6 5. d4 cxd4 6. c4 dxc3 7. Nxc3 Be7 8. Bg5 O-O 9. a3 Nc6 10. Rc1 h6 11. Bf4 a6 12. Na4 Ne4 13. Ne5 Bf6 14.
Nxc6 bxc6 15. Bxe4 dxe4 16. Rxc6 e5 17. Rd6 exf4 18. Rxd8 Rxd8 19. Qc1 Bh3 20. Re1 e3 21.
f3 Rac8 22. Nc5 Bxb2 23. Qxb2 Rxc5 24. Qb4 Rcd5 25. Qxf4 Rd1 26. Qb4 R8d2 27. Qb8+ Kh7 28. Qb1+ Rxb1 29. Rxb1 Rxe2 0-1

[Event "*** Titled Tuesday Blitz"]
[Site "Chess.com"]
[Date "2019.01.01"]
[Round "1"]
[White "Sunrise777"]
[Black "Nathan_Filgueiras"]
[Result "1-0"]
[WhiteElo "2676"]
[BlackElo "2332"]
[TimeControl "180+2"]
[EndTime "13:07:37 PST"]
[Termination "Sunrise777 won by resignation"]

1. d4 Nf6 2. c4 e6 3. Nc3 Bb4 4. g3 O-O 5. Bg2 d5 6. Nf3 c5 7. cxd5 Nxd5 8. Bd2 Nc6 9. Nxd5 Qxd5 10. Bxb4 Nxb4 11.
O-O Nc6 12. dxc5 Qxc5 13. Rc1 Qb6 14. Qc2 Bd7 15. Rfd1 Rfd8 16. Ng5 g6 17. e3 Rac8 18. Qc3 e5 19. Bxc6 Bxc6 20. Qxe5 Rxd1+ 21. Rxd1 Rd8 22. Rc1 Qb5 23. Qf6 Qd5 24. e4 Qd7 25. Nxf7 1-0

[Event "*** Titled Tuesday Blitz"]
[Site "Chess.com"]
[Date "2019.01.01"]
[Round "1"]
[White "gonzaga23"]
[Black "MITerryble"]
[Result "0-1"]
[WhiteElo "2427"]
[BlackElo "2822"]
[TimeControl "180+2"]
[EndTime "13:07:42 PST"]
[Termination "MITerryble won by resignation"]

1. e4 e6 2. Nf3 d5 3. Nc3 Nf6 4.
e5 Nfd7 5. d4 c5 6. dxc5 Nc6 7. Bf4 Bxc5 8. Bd3 f6 9. exf6 Qxf6 10. Bg5 Qf7 11. Bh4 Nde5 12. Nxe5 Nxe5 13. O-O O-O 14.
Bg3 Nxd3 15. Qxd3 Bd7 16. Rad1 Bc6 17. Nb5 e5 18. Bxe5 Qe8 19. Qg3 Qf7 20. Nd4 Rfe8 21. c3 Bd7 22. Rfe1 Re7 23. Bd6 Rxe1+ 24. Rxe1 Re8 25.
Rxe8+ Qxe8 26. Nf3 Bb6 27. Be5 Qf7 28. Bd4 Bd8 29.
Qb8 Qe8 30. Qxb7 a5 31. Qxd5+ Be6 32. Qe5 Qd7 33. Ng5 Bxa2 34. h4 h6 35. Ne4 Bxh4 36. Qxa5 Bd5 37. Nc5 Qg4 38. g3 Qd1+ 0-1

[Event "*** Titled Tuesday Blitz"]
[Site "Chess.com"]
[Date "2019.01.01"]
[Round "1"]
[White "swisspower96"]
[Black "Qingdom"]
[Result "1/2-1/2"]
[WhiteElo "2546"]
[BlackElo "2212"]
[TimeControl "180+2"]
[EndTime "13:07:46 PST"]
[Termination "Game drawn - insufficient material"]

1. d4 Nf6 2. c4 c5 3. d5 e6 4. Nc3 exd5 5. cxd5 d6 6. Nf3 g6 7. Bf4 a6 8. e4 b5 9. Be2 Bg7 10. O-O O-O 11. e5 dxe5 12. Bxe5 Nbd7 13. Bg3 Re8 14. Re1 Nb6 15. d6 Bb7 16. Rc1 c4 17. Be5 Nfd5 18. Bxg7 Kxg7 19. Qd4+ Qf6 20. Bf1 Qxd4 21. Nxd4 Rxe1 22. Rxe1 Nxc3 23. bxc3 Nd5 24. g3 Rd8 25. Bg2 Rxd6 26. Re8 Rd7 27. Rb8 Nxc3 28. Bxb7 Rxd4 29. Bxa6 Nxa2 30. Bxb5 c3 31. Rc8 Rd2 32. Ba4 c2 33. Bxc2 Nb4 34. Bb3 Rd7 35. Rc4 Nd3 36. Rc2 Ne5 37. Kg2 g5 38. Rc5 Re7 39. Rc3 h6 40. Re3 f6 41. Bd5 f5 42. Re1 Kf6 43.
Ra1 Kg7 44. Ra6 f4 45. Ra4 fxg3 46. hxg3 Ng6 47. Be4 Ne5 48. Ra6 h5 49. Bc2 h4 50.
gxh4 gxh4 51. Kh3 Rf7 52. Kh2 Rxf2+ 53. Kh3 Rxc2 54. Kxh4 Rg2 55. Kh3 Rg6 56. Rxg6+ Kxg6 1/2-1/2

[Event "*** Titled Tuesday Blitz"]
[Site "Chess.com"]
[Date "2019.01.01"]
[Round "1"]
[White "BillForster"]
[Black "PrinceCharming92"]
[Result "0-1"]
[WhiteElo "1727"]
[BlackElo "2477"]
[TimeControl "180+2"]
[EndTime "13:07:48 PST"]
[Termination "PrinceCharming92 won on time"]

1. d4 d5 2. c4 c6 3. Nf3 Nf6 4. Nc3 dxc4 5. e4 b5 6. a4 b4 7. Na2 a5 8. e5 Nd5 9. Bxc4 e6 10. O-O Be7 11. Be3 O-O 12. Nc1 Ba6 13. Bxa6 Nxa6 14. b3 c5 15. Ne2 Rc8 16. Rc1 cxd4 17.
Bxd4 Bc5 18. Qd3 Qb6 19. Rfd1 Rfd8 20. Qe4 Bxd4 21. Nexd4 Nc3 22. Rxc3 bxc3 23. Ng5 g6 24. Qh4 h5 25. Nxf7 Rxd4 26. Nh6+ Kg7 27. Rxd4 Rc7 28. Qf6+ Kh7 29. Qf4 c2 0-1

[Event "*** Titled Tuesday Blitz"]
[Site "Chess.com"]
[Date "2019.01.01"]
[Round "1"]
[White "GhostOfGreenval"]
[Black "Vamostodorecto"]
[Result "1-0"]
[WhiteElo "2740"]
[BlackElo "2385"]
[TimeControl "180+2"]
[EndTime "13:07:49 PST"]
[Termination "GhostOfGreenval won by resignation"]

1. e4 e6 2. d4 d5 3. Nd2 Nf6 4. e5 Nfd7 5. Bd3 c5 6. c3 Nc6 7. Ne2 cxd4 8. cxd4 f6 9. exf6 Nxf6 10. Nf3 Bd6 11. O-O O-O 12. Bf4 Nh5 13. Bxd6 Qxd6 14.
Rc1 Rxf3 15. gxf3 Bd7 16. Qd2 Rf8 17. Qg5 g6 18. Kh1 Rxf3 19. Bb5 Rf5 20. Qg4 e5 21. Bxc6 bxc6 22. Qh4 Nf4 23. dxe5 Qxe5 24. Nxf4 Qxf4 25. Qd8+ Rf8 26. Qxd7 Qf3+ 27. Kg1 Rf4 28. h3 Rf5 29. Qd8+ Kg7 30. Qe7+ Kh6 31. Rc3 Qf4 32.
Rg3 Re5 33. Qd7 c5 34. Qxa7 Rg5 35. Qa3 Rf5 36. Qe3 d4 37. Qxf4+ Rxf4 38. Rc1 Rf5 39. a4 1-0

[Event "*** Titled Tuesday Blitz"]
[Site "Chess.com"]
[Date "2019.01.01"]
[Round "1"]
[White "DoHoChess"]
[Black "pedroholly22"]
[Result "1-0"]
[WhiteElo "2605"]
[BlackElo "2249"]
[TimeControl "180+2"]
[EndTime "13:07:50 PST"]
[Termination "DoHoChess won by resignation"]

1. Nf3 Nf6 2. c4 e6 3. Nc3 Bb4 4. g3 O-O 5. Bg2 b6 6. d3 Bb7 7.
e4 d5 8. e5 d4 9. a3 dxc3 10.
axb4 Ng4 11. O-O cxb2 12. Bxb2 Nd7 13. d4 a5 14. bxa5 bxa5 15. Bc3 a4 16. Rxa4 Rxa4 17.
Qxa4 Nb6 18. Qb5 Qc8 19. Ra1 Nh6 20. Nd2 Bxg2 21. Kxg2 Nf5 22. Ne4 Qb7 23. f3 Rd8 24. c5 Qd5 25. Qe2 Nxd4 26. Bxd4 Qxd4 27. cxb6 Qxa1 28.
bxc7 Rc8 29. Qd2 Qxe5 30. Qd8+ 1-0

[Event "*** Titled Tuesday Blitz"]
[Site "Chess.com"]
[Date "2019.01.01"]
[Round "1"]
[White "HouseOfDurin"]
[Black "ramses135"]
[Result "1-0"]
[WhiteElo "1830"]
[BlackElo "2466"]
[TimeControl "180+2"]
[EndTime "13:07:54 PST"]
[Termination "HouseOfDurin won by resignation"]

1. d4 f5 2. Bg5 g6 3. e3 Bg7 4. c4 d6 5. Nc3 Nf6 6. h4 h6 7. Bxf6 Bxf6 8. Bd3 e5 9. dxe5 dxe5 10.
Qc2 e4 11. Be2 c6 12. h5 g5 13. g4 Qe7 14. gxf5 Bxf5 15. f3 Na6 16. Nxe4 Bxe4 17.
Qxe4 Qxe4 18. fxe4 Bxb2 19. Rb1 Bc3+ 20. Kf2 Nc5 21. Bf3 O-O-O 22. Ne2 Be5 23. Rhd1 Rhf8 24. Kg2 Kc7 25. Nd4 Bxd4 26. exd4 Ne6 27. d5 Nf4+ 28.
Kg3 cxd5 29. cxd5 Rfe8 30. Rb4 Rd6 31. Rc1+ Kb8 32. Rc3 b6 33. Rbc4 Re7 34. Rc6 Rxc6 35. Rxc6 Kb7 36. Rxh6 Ka6 37. Rf6 Rh7 38. Rxf4 gxf4+ 39.
Kxf4 Kb5 40. Kg5 Kc5 41. Kg6 Rh8 42. h6 Rf8 43. h7 Kd6 1-0

[Event "*** Titled Tuesday Blitz"]
[Site "Chess.com"]
[Date "2019.01.01"]
[Round "1"]
[White "platy3"]
[Black "mc4chess"]
[Result "1-0"]
[WhiteElo "2816"]
[BlackElo "2427"]
[TimeControl "180+2"]
[EndTime "13:07:56 PST"]
[Termination "platy3 won by resignation"]

1. e4 d5 2. exd5 Qxd5 3. Nc3 Qd8 4. g3 Nf6 5. Bg2 c6 6. Nge2 Bf5 7. O-O e6 8. d3 Be7 9. Bf4 O-O 10. Qd2 Nbd7 11.
Rfe1 Nb6 12. Rad1 Nbd5 13. Nxd5 cxd5 14. h3 Rc8 15. g4 Bg6 16. Be5 Nd7 17. Bd4 Bf6 18.
c3 e5 19. Be3 Nc5 20. Nc1 h6 21. f4 exf4 22. Bxf4 Ne6 23. Be5 Bh4 24. Rf1 Bg5 25.
Qf2 Re8 26. d4 Bh4 27. Qf3 f6 28. Bh2 Be4 29. Qe2 Ng5 30. Nd3 Bxg2 31. Qxg2 Re3 32. Nf4 Ne4 33. Rf3 Rxf3 34. Qxf3 Bf2+ 35. Kg2 Bh4 36. Ng6 Bg5 37. h4 Bd2 38. Qf5 Rc6 39.
Bf4 Bxf4 40. Nxf4 Qb6 41. Qxd5+ Kh7 42. Qxe4+ 1-0

[Event "*** Titled Tuesday Blitz"]
[Site "Chess.com"]
[Date "2019.01.01"]
[Round "1"]
[White "Litti"]
[Black "ChessMavenYeti"]
[Result "1-0"]
[WhiteElo "2507"]
[BlackElo "2097"]
[TimeControl "180+2"]
[EndTime "13:07:56 PST"]
[Termination "Litti won by checkmate"]

1. e4 e6 2. d4 d5 3. Nd2 c5 4.
exd5 Qxd5 5. Ngf3 cxd4 6. Bc4 Qd6 7.
Qe2 Nf6 8. Nb3 Nc6 9. Bg5 Be7 10. O-O-O a6 11. Kb1 O-O 12. Nbxd4 Nxd4 13. Nxd4 Qc5 14. h4 b5 15. Bd3 Bb7 16. Rh3 Nd5 17. Nb3 Qc7 18.
Qh5 g6 19. Qh6 Rfc8 20. Bxe7 Qxe7 21. h5 Qf8 22. Qd2 a5 23. Rdh1 a4 24. Nd4 Qg7 25.
hxg6 Qxd4 26. gxf7+ Kf8 27. Rxh7 Qf6 28. Rh8+ Kxf7 29. R1h7+ Qg7 30. Rxg7+ Kxg7 31. Qh6+ Kf7 32. Rh7+ Ke8 33. Qxe6+ Kd8 34. Qd7# 1-0

[Event "*** Titled Tuesday Blitz"]
[Site "Chess.com"]
[Date "2019.01.01"]
[Round "1"]
[White "Maili15"]
[Black "Alexander_Donchenko"]
[Result "0-1"]
[WhiteElo "2303"]
[BlackElo "2651"]
[TimeControl "180+2"]
[EndTime "13:08:00 PST"]
[Termination "Alexander_Donchenko won by resignation"]

1. d4 Nf6 2. c4 g6 3. Nc3 Bg7 4. e4 d6 5. f4 c5 6. d5 e6 7. Nf3 exd5 8. cxd5 O-O 9. Be2 Bg4 10.
O-O Re8 11. h3 Bxf3 12. Bxf3 a6 13. a4 Nbd7 14. Re1 c4 15. Be3 Rc8 16. a5 Nc5 17. Bxc5 Rxc5 18. e5 Nd7 19. Ne4 dxe5 20. Nxc5 Nxc5 21.
fxe5 Rxe5 22. Rxe5 Bxe5 23. Qe2 Nd3 24. Be4 Bxb2 25.
Rb1 Bd4+ 26. Kh2 Qc7+ 27. g3 Ne5 28. d6 Qxd6 29. Rxb7 c3 30. Bc2 h5 31. Qe4 h4 32.
Qf4 hxg3+ 33. Qxg3 Ng4+ 34. Kg2 Ne3+ 35. Kf3 Qxg3+ 36. Kxg3 Nxc2 37. Rc7 Nb4 38. Kf3 c2 39. Ke2 Bb2 40. Rc8+ Kg7 41. Kd2 c1=Q+ 0-1

[Event "*** Titled Tuesday Blitz"]
[Site "Chess.com"]
[Date "2019.01.01"]
[Round "1"]
[White "MissingLife"]
[Black "Awentrap"]
[Result "0-1"]
[WhiteElo "2263"]
[BlackElo "2652"]
[TimeControl "180+2"]
[EndTime "13:08:01 PST"]
[Termination "Awentrap won by resignation"]

1. c4 g6 2. Nc3 Bg7 3. g3 Nf6 4. Bg2 c5 5. Rb1 O-O 6. a3 d6 7. b4 Nc6 8. Nf3 e5 9. O-O h6 10. d3 Rb8 11. h3 Be6 12. Nd2 Qd7 13. Kh2 Kh7 14. Qa4 a6 15. bxc5 dxc5 16. Nde4 Nxe4 17.
Nxe4 Qe7 18. Rb6 Nd4 19. e3 Bd7 20. Qa5 Ne6 21. Nc3 Qd8 22. Nd5 Bc6 23. Bd2 f5 24.
f4 g5 25. fxe5 Bxe5 26. Rbb1 Qd6 27. Be1 f4 28. Be4+ Kg7 29. exf4 gxf4 30. gxf4 Nxf4 31. Kh1 Nxd5 32. cxd5 Rxf1+ 33. Kg2 Rxe1 34. Rxe1 Bxd5 35. Qa4 b5 36. Qd1 Bxe4+ 37. Rxe4 Rf8 38. Qh5 Bd4 39. Rg4+ Kh7 0-1

[Event "*** Titled Tuesday Blitz"]
[Site "Chess.com"]
[Date "2019.01.01"]
[Round "1"]
[White "theblitzchamp"]
[Black "Alexey_Potapov"]
[Result "0-1"]
[WhiteElo "2629"]
[BlackElo "2339"]
[TimeControl "180+2"]
[EndTime "13:08:03 PST"]
[Termination "Alexey_Potapov won by checkmate"]

1. e4 c6 2. d4 d5 3. e5 c5 4. c3 Nc6 5. Nf3 Bg4 6. Be2 Bxf3 7. Bxf3 cxd4 8. cxd4 e6 9. O-O Nge7 10. Nc3 Nf5 11.
Be3 Qb6 12. Na4 Qa5 13. Rc1 Be7 14. a3 O-O 15. Bg4 Nxe3 16. fxe3 Bg5 17. Rf3 Rac8 18.
Nc5 Nxe5 19. Rg3 Bh4 20. Rh3 Nxg4 21. Qxg4 Be7 22. Qh5 h6 23. Rg3 Kh7 24. Rf1 Bxc5 25. dxc5 Qc7 26. b4 a5 27. Rf4 Qe7 28. Rgf3 f5 29.
Rg3 Qf7 30. Qd1 e5 31. Rf1 axb4 32. axb4 g6 33. Qa1 Qf6 34. Rd1 Rfd8 35. Qa2 d4 36.
exd4 Rxd4 37. Rxd4 exd4 38. Qd5 Re8 39. Qxb7+ Re7 40.
Qd5 d3 41. Qxd3 Qa1+ 42. Kf2 Qe1+ 43. Kf3 Qxb4 44. h3 Qxc5 45. Qa6 Qe3# 0-1

[Event "*** Titled Tuesday Blitz"]
[Site "Chess.com"]
[Date "2019.01.01"]
[Round "1"]
[White "M1711"]
[Black "Triumphmate"]
[Result "0-1"]
[WhiteElo "2540"]
[BlackElo "2217"]
[TimeControl "180+2"]
[EndTime "13:08:03 PST"]
[Termination "Triumphmate won by resignation"]

1. e4 e5 2. Nf3 Nc6 3. Bc4 Nf6 4. d3 Be7 5. O-O O-O 6. Re1 h6 7. a4 a6 8. c3 d6 9. h3 Be6 10. Na3 Qd7 11. d4 exd4 12. cxd4 d5 13. exd5 Bxd5 14. Ne5 Nxe5 15. dxe5 Bxc4 16. exf6 Qxd1 17. Rxd1 Bxa3 18. Rxa3 Rad8 19. Rxd8 Rxd8 20. Rc3 b5 21. axb5 axb5 22. fxg7 Kxg7 23. b3 Bxb3 24. Bb2 Bd5 25. Rxc7+ Kg8 26. Bf6 Re8 27. h4 h5 28. Kh2 Bc4 29. f3 Kh7 30.
Bd4 Kg6 31. g4 hxg4 32. fxg4 Re4 33. h5+ Kg5 34. Rd7 Kxg4 35. Bf6 Kxh5 36. Kg3 Re3+ 37.
Kf4 Re1 38. Rd8 Rf1+ 39. Ke5 Re1+ 40. Kf4 Kg6 41. Bc3 Rf1+ 42. Ke5 f6+ 43. Ke4 Rh1 44. Rg8+ Bxg8 0-1

[Event "*** Titled Tuesday Blitz"]
[Site "Chess.com"]
[Date "2019.01.01"]
[Round "1"]
[White "tomozupan"]
[Black "Ali_rastbod"]
[Result "1-0"]
[WhiteElo "2212"]
[BlackElo "2538"]
[TimeControl "180+2"]
[EndTime "13:08:04 PST"]
[Termination "tomozupan won by resignation"]

1. d4 Nf6 2. Bg5 Ne4 3. Bf4 c5 4. f3 Qa5+ 5. c3 Nf6 6. d5 d6 7.
e4 g6 8. Na3 Bg7 9. Qd2 O-O 10.
Nc4 Qc7 11. a4 b6 12. h4 Ba6 13. g4 Bxc4 14. Bxc4 Nbd7 15. h5 Ne5 16. Be2 c4 17. Bh6 Qc5 18. hxg6 fxg6 19. Nh3 e6 20. Bxg7 Kxg7 21. Ng5 Rae8 22. Nxe6+ Rxe6 23. dxe6 d5 24. O-O-O dxe4 25. Qh6+ Kg8 26. fxe4 Qf2 27. Rd2 Qg3 28. g5 Nh5 29. Bxh5 Nd3+ 30. Rxd3 cxd3 31. Bd1 Qc7 32. Bb3 Qe7 33. Qxh7+ Qxh7 34. e7+ Qf7 35. exf8=Q+ 1-0

[Event "*** Titled Tuesday Blitz"]
[Site "Chess.com"]
[Date "2019.01.01"]
[Round "1"]
[White "Saitama_Hero"]
[Black "gmcorrales"]
[Result "0-1"]
[WhiteElo "2408"]
[BlackElo "2770"]
[TimeControl "180+2"]
[EndTime "13:08:12 PST"]
[Termination "gmcorrales won on time"]

1. d4 Nf6 2. c4 g6 3. Nc3 d5 4. Nf3 Bg7 5. Qb3 dxc4 6. Qxc4 O-O 7. e4 a6 8. Be2 b5 9. Qb3 Bb7 10. e5 Nd5 11. h4 c5 12. dxc5 Nxc3 13. bxc3 Nc6 14.
e6 f5 15. Bf4 Na5 16. Qa3 Bxf3 17. Bxf3 Nc4 18. Qb4 Qd3 19. Rc1 Rad8 20. c6 a5 21. Qb3 Rf6 22. Be2 Rxe6 23. Be3 Rxe3 24. fxe3 Qxe3 25. Rc2 Qg3+ 26. Kf1 Qf4+ 27. Kg1 a4 28. Bxc4+ bxc4 29. Qb1 Qe3+ 30. Kf1 Bxc3 31. c7 Qf4+ 32. Rf2 Qxc7 33. Qc2 Bd4 34. Rd2 Qf4+ 35. Ke1 c3 36. Re2 e5 37. Rh3 Rb8 38. Qd3 Qc1+ 39. Qd1 Rb1 0-1